 Dungeon Crawl Stone Soup version 0.28-a0-863-g8cecda6153 (webtiles) character file.

Game seed: 16548171751890079290

91557 ryw the Black Belt (level 15, 0/122 HPs)
             Began as a Demonspawn Monk on Nov 19, 2021.
             Was a High Priest of Makhleb.
             Killed from afar by an eleionoma (20 damage)
             ... with a spray of wooden splinters
             ... on level 1 of the Swamp.
             The game lasted 01:15:28 (26374 turns).

ryw the Black Belt (Demonspawn Monk)               Turns: 26374, Time: 01:15:29

Health: 0/122      AC: 12    Str: 16    XL:     15   Next: 55%
Magic:  25/25      EV: 24    Int: 15    God:    Makhleb [*****.]
Gold:   1406       SH: 20    Dex: 20    Spells: 17/18 levels left

rFire   . . .      SeeInvis .     - Unarmed
rCold   . . .      Faith    .   s - +5 kite shield
rNeg    . . .      Spirit   .   p - +0 leather armour {rPois}
rPois   +          Reflect  +   v - +2 hat {Will+}
rElec   .          Harm     .   m - +2 cloak
rCorr   .          Rampage  .   (no gloves)
Will    +++..                   (no boots)
Stlth   +++.......              J - amulet of reflection
HPRegen 0.30/turn               o - +4 ring of evasion
MPRegen 0.19/turn               y - ring "Ochetsua" {Will+ Str+4 Dex+4}

@: agile, about to teleport
A: claws 2, yellow scales 2, powered by death 2, powered by pain 2, talons 1,
screaming 1, weak 1, no potion heal 1
a: Renounce Religion, Minor Destruction, Lesser Servant of Makhleb, Major
Destruction, Greater Servant of Makhleb


You were on level 1 of the Swamp.
You worshipped Makhleb.
Makhleb was extremely pleased with you.
You visited 5 branches of the dungeon, and saw 22 of its levels.
You visited the Abyss 1 time.

You collected 3286 gold pieces.
You spent 1880 gold pieces at shops.

Inventory:

Hand Weapons
 a - a +4 hunting sling of flaming
Missiles
 g - 7 boomerangs (quivered)
 j - 83 sling bullets
 I - 4 curare-tipped darts
Armour
 m - a +2 cloak (worn)
 p - a +0 leather armour of poison resistance (worn)
 s - a +5 kite shield (worn)
 v - a +2 hat of willpower (worn)
 E - a scarf of invisibility
 K - the +5 scale mail of the Dropbear {Str+6}
   (You bought it in a shop on level 2 of the Orcish Mines)

   Str:       It affects your strength (+6).
Jewellery
 i - a ring of see invisible
 k - an amulet of the acrobat
 n - an amulet of regeneration
 o - a +4 ring of evasion (left claw)
 t - a ring of flight
 y - the ring "Ochetsua" (right claw) {Will+ Str+4 Dex+4}
   (You bought it in a shop on level 2 of the Dungeon)

   [ring of willpower]

   Str:       It affects your strength (+4).
   Dex:       It affects your dexterity (+4).
   Will:      It increases your willpower.
 J - an amulet of reflection (around neck)
Wands
 b - a wand of iceblast (21)
 q - a wand of acid (10)
 r - a wand of charming (6)
 w - a wand of polymorph (10)
 z - a wand of paralysis (18)
 A - a wand of digging (10)
 M - a wand of flame (20)
Scrolls
 d - 2 scrolls of amnesia
 e - 7 scrolls of teleportation
 x - 3 scrolls of identify
 B - 2 scrolls of fear
 L - a scroll of enchant weapon
 N - 2 scrolls of blinking
 O - a scroll of silence
 P - a scroll of magic mapping
Potions
 c - a potion of magic
 f - 3 potions of haste
 l - a potion of mutation
 u - 4 potions of ambrosia
 C - 2 potions of brilliance
 D - 6 potions of curing
 F - a potion of invisibility
 H - 2 potions of berserk rage
Miscellaneous
 G - a piece from Xom's chessboard (15/15)


   Skills:
 + Level 12.7 Fighting
 - Level 2.3 Slings
 + Level 6.1 Armour
 - Level 8.4 Dodging
 - Level 4.5 Stealth
 + Level 4.8 Shields
 * Level 17.0 Unarmed Combat
 - Level 2.3 Spellcasting
 - Level 2.5 Summonings
 + Level 13.4 Invocations


You had 17 spell levels left.
You knew the following spells:

 Your Spells              Type           Power      Damage    Failure   Level
a - Summon Small Mammal   Summ           36%        N/A       34%         1

Your spell library contained the following spells:

 Spells                   Type           Power      Damage    Failure   Level
 Freeze                   Ice            4%         1d3       69%         1
 Sandblast                Erth           2%         2d4       69%         1
 Sting                    Tmut/Pois      4%         1d3       69%         1
 Call Canine Familiar     Summ           9%         N/A       71%         3
 Blink                    Tloc           2%         N/A       83%         2
 Corpse Rot               Necr/Air       2%         N/A       83%         2
 Passwall                 Tmut/Erth      0%         N/A       83%         2
 Poisonous Vapours        Pois/Air       2%         N/A       83%         2
 Sublimation of Blood     Necr           1%         N/A       83%         2
 Wereblood                Tmut           1%         N/A       83%         2
 Summon Guardian Golem    Hex/Summ       5%         N/A       86%         3
 Conjure Flame            Conj/Fire      1%         6-21      96%         3
 Frozen Ramparts          Ice            2%         1d2       96%         3
 Ignite Poison            Fire/Tmut/Pois 1%         N/A       96%         3
 Inner Flame              Hex/Fire       1%         N/A       96%         3
 Lesser Beckoning         Tloc           1%         N/A       96%         3
 Stone Arrow              Conj/Erth      2%         3d7       96%         3
 Cause Fear               Hex            0%         N/A       100%        4
 Hailstorm                Conj/Ice       1%         3d3       100%        4
 Olgreb's Toxic Radiance  Pois           1%         N/A       100%        4
 Petrify                  Tmut/Erth      1%         N/A       100%        4
 Sticky Flame             Conj/Fire      1%         2d3       100%        4
 Alistair's Intoxication  Tmut/Pois      0%         N/A       100%        5
 Borgnjor's Vile Clutch   Necr/Erth      0%         N/A       100%        5
 Manifold Assault         Tloc           1%         N/A       100%        5
 Metabolic Englaciation   Hex/Ice        0%         N/A       100%        5
 Eringya's Noxious Bog    Tmut/Pois      0%         N/A       100%        6
 Statue Form              Tmut/Erth      0%         N/A       100%        6
 Summon Hydra             Summ           4%         N/A       100%        7
 Discord                  Hex            0%         N/A       100%        8


Dungeon Overview and Level Annotations

Branches:
Dungeon (12/15)            Temple (1/1) D:4            Lair (6/6) D:10
  Swamp (1/4) Lair:3       Spider (0/4) Lair:3        Slime (0/5) Lair:6
    Orc (2/2) D:12            Elf (0/3) Orc:2

Altars:
Ashenzari
Cheibriados
Dithmenos
Elyvilon
Fedhas
Gozag
Hepliaklqana
Kikubaaqudgha
Makhleb
Nemelex Xobeh
Okawaru
Qazlal
Ru
Sif Muna
Trog
Uskayaw
Vehumet
Wu Jian
Xom
Yredelemnul
Zin
The Shining One
Jiyva

Shops:
D:1 (   D:2 =   D:7 *   Orc:2 :[***

Portals:
Hell: Lair:6

Annotations:
D:9 3 transporters
D:12 1 runed translucent door, Jeder's ghost, journeyman DsBe


Innate Abilities, Weirdness & Mutations

You have very sharp fingernails.
You are mostly covered in yellow scales. (AC +3)
You regenerate health from kills.
You sometimes gain power by taking damage.
You have sharp toenails.
You occasionally shout uncontrollably at your foes.
You are weak. (Str -2)
Potions are less effective at restoring your health.


Message History

You feel more agile all of a sudden.
You are yanked forward by the harpoon shot.
Splash!
The swamp worm bites you but does no damage.
Found a yellow potion and a kite shield.
You block the swamp worm's attack.
You mangle the swamp worm!! You claw the swamp worm.
The swamp worm is almost dead.
You block the swamp worm's attack.
You scratch the swamp worm but do no damage.
You claw the swamp worm.
The swamp worm is almost dead.
The swamp worm bites you but does no damage.
You closely miss the swamp worm.
The swamp worm is almost dead.
You block the swamp worm's attack.
You mangle the swamp worm!!
You kill the swamp worm!
Makhleb accepts your kill.
You feel better.
Your system partially rejects the healing.
You feel better.
Unknown command.
You scratch the eleionoma but do no damage.
You claw the eleionoma.
The eleionoma is lightly wounded.
You claw the eleionoma! You claw the eleionoma.
The eleionoma is moderately wounded.
You block the eleionoma's attack.
You scratch the eleionoma but do no damage.
Your kick misses the eleionoma.
The eleionoma is lightly wounded.
The eleionoma hurls a spray of splinters at you.
The spray of wooden splinters hits you.
* * * LOW HITPOINT WARNING * * *
As you read the scroll of teleportation, it crumbles to dust.
You feel strangely unstable.
The eleionoma hurls a spray of splinters at you.
The spray of wooden splinters hits you!!
You die...

♣♣.♣≈≈≈≈≈♣ ♣.≈≈![.≈.♣ ≈
♣≈≈.≈≈♣≈≈♣♣ ≈.
♣♣.≈≈≈≈§≈..♣
≈..♣♣..≈.≈≈≈≈≈♣..
......≈≈≈.§≈≈≈≈.≈≈.§≈...
≈..≈≈.≈≈.≈.≈♣≈.≈≈≈...≈..
♣..≈≈≈@.≈....≈≈≈...$≈§.
♣♣.♣§≈R≈≈≈≈≈≈.♣≈≈.≈≈.§.
♣..§≈≈§≈≈≈.§≈≈§.≈≈≈..≈
♣♣≈≈≈≈≈§≈§.♣≈>...≈..≈≈
♣♣≈..≈.≈≈...≈≈≈.♣t♣♣4
♣♣$≈≈≈§≈.≈≈≈≈≈.≈w♣X.
♣.≈≈♣.♣D...≈..iD..♣
♣.≈≈≈)♣..≈§≈♣≈≈Fw.♣ ♣.
≈≈≈♣♣..≈≈..≈≈.♣♣


You could see an eleionoma and a five-headed hydra.

Vanquished Creatures
  A cacodemon (Abyss:2)
  A dire elephant (Lair:4)
  A blizzard demon (Abyss:2)
  A boulder beetle (Lair:3)
  6 hydras
  A centaur warrior (Orc:1)
  7 two-headed ogres
  5 death yaks (Lair:4)
  An orc high priest (Orc:2)
  Sonja (D:11)
  2 fire crabs
  2 sixfirhies
  A deep troll (Orc:2)
  A wizard (Lair:6)
  5 orc knights
  Pikel (D:7)
  A deep elf pyromancer (D:12)
  2 wolf spiders
  A necromancer (Lair:5)
  2 slime creatures (D:12)
  3 orc sorcerers
  An oklob plant (Lair:5)
  A manticore (D:11)
  14 elephants
  A cyclops (D:11)
  Joseph (D:7)
  3 black mambas
  2 orange demons (Lair:6)
  17 cane toads
  2 torpor snails
  4 kobold demonologists (D:12)
  5 rime drakes
  13 komodo dragons
  3 ice devils (Lair:6)
  A hellwing (Lair:6)
  A red devil (Lair:6)
  8 trolls
  A large abomination (Abyss:2)
  6 dream sheep
  11 blink frogs
  3 water elementals (D:12)
  3 wraiths
  3 wyverns
  58 yaks
  6 basilisks
  2 neqoxecs (Abyss:2)
  2 steam dragons
  3 vampire mosquitoes (D:12)
  A swamp worm (shapeshifter) (Abyss:2)
  4 wargs
  2 swamp worms (Swamp:1)
  An acid dragon (D:11)
  A hell hound (Lair:6)
  14 water moccasins
  2 ice beasts
  2 black bears (D:9)
  2 elephant zombies (Lair:5)
  A hornet zombie (D:8)
  2 sky beasts (D:7)
  33 orc warriors
  12 centaurs
  A necrophage (D:6)
  8 wolves
  6 ogres
  A lemure (D:6)
  A small abomination (Abyss:2)
  3 kobold brigands
  2 gnoll sergeants
  A scorpion (D:5)
  13 bullfrogs
  A water moccasin zombie (D:5)
  5 killer bees (D:9)
  3 howler monkeys (D:9)
  8 wights
  12 electric eels
  2 centaur zombies
  11 orc priests
  A basilisk zombie (Lair:5)
  A bullfrog skeleton (D:6)
  A hound (D:6)
  4 jellies
  4 gnoll shamans
  2 iguanas
  13 orc wizards
  A hound zombie (D:5)
  22 gnolls
  A howler monkey zombie (D:8)
  A howler monkey skeleton (D:6)
  6 adders
  4 white imps
  An adder skeleton (D:2)
  2 worms
  A dart slug (D:3)
  40 orcs
  12 ball pythons
  13 endoplasms
  7 giant cockroaches
  5 goblins
  7 hobgoblins
  3 jackals (D:2)
  18 kobolds
  2 quokkas
  3 bats
  6 frilled lizards
  5 rats
562 creatures vanquished.

Vanquished Creatures (collateral kills)
  A starcursed mass (Abyss:2)
  An ice dragon (Lair:5)
  3 hydras
  A cyclops (D:12)
  2 elephants (Lair:4)
  A black mamba (Lair:4)
  A rime drake (Lair:6)
  2 polar bears
  5 dream sheep
  A yak (Lair:4)
  Grum (D:11)
  2 hell hounds (Lair:6)
  An elephant zombie (Lair:5)
  2 centaurs (Lair:1)
  A bullfrog (Lair:3)
25 creatures vanquished.

Vanquished Creatures (others)
  3 orcs
  84 fungi
  99 plants
186 creatures vanquished.

Grand Total: 773 creatures vanquished

Notes
Turn   | Place    | Note
-------+----------+-------------------------------------------
     0 | D:1      | ryw the Demonspawn Monk began the quest for the Orb.
     0 | D:1      | Reached XP level 1. HP: 18/18 MP: 1/1
   184 | D:1      | Gained mutation: You have sharp fingernails. [demonic
                  | ancestry]
   184 | D:1      | Reached XP level 2. HP: 22/24 MP: 2/2
   489 | D:1      | Found Gyocrikk's Weapon Shoppe.
   616 | D:1      | Reached skill level 3 in Unarmed Combat
  1018 | D:1      | You fall into a shaft and drop 1 floor!
  1039 | D:2      | HP: 1/36 [worm (10)]
  1041 | D:2      | Gained mutation: You have very sharp fingernails. [demonic
                  | ancestry]
  1041 | D:2      | Reached XP level 3. HP: 1/29 MP: 3/3
  1061 | D:2      | Gained mutation: You have sharp toenails. [potion of
                  | mutation]
  1686 | D:2      | Found Kos Ziergh's Jewellery Shoppe.
  2177 | D:2      | Reached skill level 4 in Unarmed Combat
  2256 | D:2      | Learned a level 1 spell: Summon Small Mammal
  2262 | D:2      | Gained mutation: You regenerate a little health from kills.
                  | [demonic ancestry]
  2262 | D:2      | Reached XP level 4. HP: 30/37 MP: 4/4
  3078 | D:3      | Found a faded altar of an unknown god.
  3099 | D:3      | Noticed an ice beast
  3109 | D:3      | Killed an ice beast
  3110 | D:3      | Reached skill level 1 in Spellcasting
  3110 | D:3      | Reached skill level 1 in Summonings
  3110 | D:3      | Gained mutation: You are partially covered in yellow
                  | scales. (AC +2) [demonic ancestry]
  3110 | D:3      | Reached XP level 5. HP: 28/42 MP: 4/6
  3288 | D:3      | Noticed a water moccasin
  3296 | D:3      | Killed a water moccasin
  3297 | D:3      | Reached XP level 6. HP: 20/48 MP: 6/8
  3742 | D:4      | Found a staircase to the Ecumenical Temple.
  3752 | Temple   | Entered the Ecumenical Temple
  3906 | Temple   | Became a worshipper of Makhleb the Destroyer
  3906 | Temple   | Reached * piety under Makhleb
  3906 | Temple   | Reached ** piety under Makhleb
  4238 | D:4      | Reached skill level 5 in Unarmed Combat
  4697 | D:5      | Entered Level 5 of the Dungeon
  4739 | D:5      | Found a shadowy altar of Dithmenos.
  4747 | D:5      | Gained mutation: You sometimes gain a little power by
                  | taking damage. [demonic ancestry]
  4747 | D:5      | Reached XP level 7. HP: 55/55 MP: 10/10
  5746 | D:5      | Reached skill level 6 in Unarmed Combat
  6256 | D:5      | Gained mutation: You are mostly covered in yellow scales.
                  | (AC +3) [demonic ancestry]
  6256 | D:5      | Reached XP level 8. HP: 50/61 MP: 11/11
  6352 | D:6      | Reached skill level 7 in Unarmed Combat
  6386 | D:6      | HP: 3/61 [ogre (26)]
  6909 | D:6      | Reached skill level 8 in Unarmed Combat
  7656 | D:7      | Noticed Pikel
  8057 | D:7      | Reached skill level 9 in Unarmed Combat
  8091 | D:7      | Reached *** piety under Makhleb
  8129 | D:7      | Found Lekkos's Elemental Accessories.
  8218 | D:7      | Noticed Joseph
  8782 | D:7      | Reached XP level 9. HP: 66/66 MP: 12/12
  8888 | D:7      | Killed Joseph
  8889 | D:7      | Reached skill level 10 in Unarmed Combat
  9005 | D:7      | Killed Pikel
  9006 | D:7      | Reached skill level 1 in Slings
  9401 | D:7      | Reached skill level 1 in Invocations
  9517 | D:8      | Reached skill level 1 in Armour
  9517 | D:8      | Reached skill level 11 in Unarmed Combat
  9698 | D:8      | Reached skill level 5 in Fighting
  9701 | D:8      | Reached **** piety under Makhleb
  9803 | D:9      | Noticed a troll
  9806 | D:9      | Killed a troll
  9971 | D:9      | Noticed a troll
  9979 | D:9      | Killed a troll
  9980 | D:9      | Reached XP level 10. HP: 59/74 MP: 13/13
  9998 | D:9      | Found a blossoming altar of Fedhas.
 10041 | D:9      | Found a shimmering blue altar of Sif Muna.
 10229 | D:9      | Found a transporter.
 10230 | D:9      | Found a transporter.
 10232 | D:9      | Found a transporter.
 10235 | D:9      | Found a transporter.
 10256 | D:9      | Found a transporter.
 10264 | D:9      | Found a transporter.
 10311 | D:9      | Found a hazy altar of Hepliaklqana.
 10485 | D:9      | Found an ornate altar of the Wu Jian Council.
 10551 | D:9      | Noticed a two-headed ogre
 10553 | D:9      | Found an opulent altar of Gozag.
 10560 | D:9      | Killed a two-headed ogre
 10607 | D:9      | Found a bloodstained altar of Trog.
 10817 | D:10     | Entered Level 10 of the Dungeon
 10863 | D:9      | Reached skill level 5 in Invocations
 10887 | D:9      | Identified a scroll of acquirement
 10887 | D:9      | Acquired 639 gold pieces
 11043 | D:2      | Bought the ring "Ochetsua" {Will+ Str+4 Dex+4} for 683 gold
                  | pieces
 11383 | D:10     | Reached skill level 12 in Unarmed Combat
 11766 | D:10     | Found a staircase to the Lair.
 11997 | Lair:1   | Entered Level 1 of the Lair of Beasts
 11997 | Lair:1   | Noticed a cane toad
 12008 | Lair:1   | Killed a cane toad
 12009 | Lair:1   | Reached XP level 11. HP: 32/83 MP: 15/15
 12653 | Lair:1   | Reached ***** piety under Makhleb
 12790 | Lair:1   | Reached skill level 5 in Armour
 12799 | Lair:1   | Reached skill level 13 in Unarmed Combat
 13794 | Lair:2   | Reached XP level 12. HP: 94/94 MP: 18/18
 13923 | Lair:2   | Noticed a seven-headed hydra
 14044 | Lair:2   | Killed a seven-headed hydra
 14465 | Lair:2   | Reached skill level 10 in Fighting
 14465 | Lair:2   | Reached skill level 5 in Dodging
 14465 | Lair:2   | Reached skill level 14 in Unarmed Combat
 14465 | Lair:2   | Gained mutation: You sometimes gain power by taking damage.
                  | [demonic ancestry]
 14465 | Lair:2   | Reached XP level 13. HP: 103/103 MP: 18/20
 14509 | Lair:3   | Identified the +3 halberd "Weocuw Beeta" {vorpal, rPois}
 14597 | Lair:3   | Found a staircase to the Swamp.
 14696 | Lair:3   | Found a hole to the Spider Nest.
 14800 | Lair:3   | Reached skill level 10 in Invocations
 15795 | Lair:4   | Reached skill level 15 in Unarmed Combat
 15902 | Lair:4   | Noticed a dire elephant
 15941 | Lair:4   | Killed a dire elephant
 15986 | Lair:4   | Reached XP level 14. HP: 113/113 MP: 22/22
 17087 | D:11     | Noticed Grum
 17101 | D:11     | Killed Grum
 17341 | D:11     | Noticed Sonja
 17388 | D:11     | Reached skill level 1 in Shields
 17451 | D:11     | Cast into level 2 of the Abyss (Sonja)
 17515 | Abyss:2  | Noticed a cacodemon
 17531 | Abyss:2  | Killed a cacodemon
 17597 | Abyss:2  | Gained mutation: You occasionally shout uncontrollably at
                  | your foes. [a neqoxec]
 17656 | Abyss:2  | Noticed a starcursed mass
 17658 | Abyss:2  | Gained mutation: Potions are less effective at restoring
                  | your health. [a shining eye]
 17667 | Abyss:2  | Killed a starcursed mass
 17675 | Abyss:2  | Gained mutation: You are weak. (Str -2) [a neqoxec]
 17698 | D:11     | Escaped the Abyss
 17733 | D:11     | Killed Sonja
 18421 | D:12     | Reached skill level 16 in Unarmed Combat
 18887 | D:12     | Found a runed translucent door.
 18889 | D:12     | Noticed Jeder's ghost (journeyman DsBe)
 18893 | D:12     | Identified the +1 trident of Integrity {freeze, rF+ Str+3
                  | Dex-3}
 18953 | D:12     | Found a staircase to the Orcish Mines.
 19738 | Orc:1    | Entered Level 1 of the Orcish Mines
 20131 | Orc:2    | Entered Level 2 of the Orcish Mines
 21150 | D:2      | Bought an amulet of reflection for 420 gold pieces
 21580 | Orc:2    | Gained mutation: You regenerate health from kills. [demonic
                  | ancestry]
 21580 | Orc:2    | Reached XP level 15. HP: 84/121 MP: 24/24
 22086 | Orc:2    | Found Otsa's Book Boutique.
 22644 | Orc:2    | Found a staircase to the Elven Halls.
 22754 | Orc:2    | Found Gar Vuuk's General Store.
 22754 | Orc:2    | Found Otyuch's Assorted Antiques.
 22756 | Orc:2    | Found Guwnicwi's Armour Emporium.
 22758 | Orc:2    | Found Paseutez's Assorted Antiques.
 22777 | Orc:2    | Bought the +5 scale mail of the Dropbear {Str+6} for 777
                  | gold pieces
 24782 | Lair:6   | Entered Level 6 of the Lair of Beasts
 25620 | Lair:6   | Found a burning altar of Makhleb.
 25996 | Lair:6   | Found a viscous altar of Jiyva.
 25997 | Lair:6   | Found a staircase to the Slime Pits.
 26020 | Lair:6   | Reached skill level 17 in Unarmed Combat
 26190 | Lair:6   | Found a gateway to Hell.
 26299 | Swamp:1  | Entered Level 1 of the Swamp
 26343 | Swamp:1  | Noticed a tentacled monstrosity
 26374 | Swamp:1  | Killed from afar by an eleionoma

Illustrated notes

Levels and vault maps discovered:
D:1:      dpeg_arrival_tiny_j, layout_basic, serial_shops, shop,
          amcnicky_mini_corridor_feature, minmay_pentomino_u4
D:2:      layout_rooms, serial_shops, shop
D:3:      layout_loops_ring, hellmonk_ecumenical_altar_run_dry
D:4:      layout_basic, temple_pool_b
D:5:      nicolae_cairo_tiling_large, layout_basic, grunt_dithmenos_smoke,
          serial_bayou_pond_e, minmay_between
D:6:      layout_cave_pods, minivault_23
D:7:      layout_loops_corners, nicolae_elemental_shop,
          eino_small_chamber_without_monster, uniq_pikel, uniq_joseph
D:8:      layout_cave_pools
D:9:      layout_gridville, mainiacjoe_overflow_cross_hatched,
          mainiacjoe_overflow_catch_the_wave, nicolae_overflow_hidden_temple,
          mainiacjoe_overflow_large_starburst, serial_nicolae_subway,
          nicolae_sub_station_stone, nicolae_sub_station_metal,
          nicolae_sub_station_crystal
D:10:     layout_gridville, due_lair_maze_entry_diamond
D:11:     layout_basic, uniq_grum, uniq_sonja
D:12:     layout_roguey, orc_0_dummy, ebering_ghost_funeral_grove, serial_bayou,
          serial_bayou_crossing, serial_bayou_lake_a, serial_bayou_pond_c,
          serial_bayou_ford_a
Temple:   dshaligram_water_room_temple
Lair:1:   layout_roguey, lemuel_centaur_altar, lemuel_fruit_tree
Lair:2:   layout_small_grid
Lair:3:   layout_long_grid, swamp_mist_pool, spider_nest_entry_rubble,
          minmay_shattered_shrine, serial_bayou_shore_a
Lair:4:   beast_lair_carwin_large_4, layout_loops_ring
Lair:5:   pond_and_an_island_with_a_cottage, layout_small_grid, serial_rivers,
          chequers_serial_rivers_small_3, chequers_serial_rivers_micro_c,
          chequers_serial_rivers_marsh, chequers_serial_rivers_micro_a,
          chequers_serial_rivers_micro_e, bobbens_ice_dragon_lair
Lair:6:   evil_forest, layout_regular_city, dpeg_slime_entry_enclosed_altar
Swamp:1:  layout_falls_marsh, nicolae_swamp_decorative_isthmus
Orc:1:    layout_diamond_mine
Orc:2:    st_orc_rangers, layout_caves, guppyfry_orc_lava_fort

Skill      XL: |  1  2  3  4  5  6  7  8  9 10 11 12 13 14 15 |
---------------+----------------------------------------------+-----
Unarmed Combat | 3 4 5 6 9 11 12 13 14 15 16 17 | 17.0
Dodging        | 3 4 5 7 8 |  8.4
Spellcasting   | 1 2 |  2.3
Summonings     | 1 2 |  2.5
Fighting       | 4 5 6 8 10 11 12 | 12.7
Slings         | 2 |  2.3
Invocations    | 3 6 8 9 11 12 13 | 13.4
Armour         | 2 4 5 6 |  6.1
Stealth        | 4 |  4.5
Shields        | 3 4 |  4.8

Action                   |  1- 3 |  4- 6 |  7- 9 | 10-12 | 13-15 || total
-------------------------+-------+-------+-------+-------+-------++-------
Melee: Unarmed           |   132 |   114 |   376 |   433 |  1167 ||  2222
       Punch             |     3 |     1 |       |       |       ||     4
       Kick              |     8 |    27 |   117 |   134 |   498 ||   784
 Fire: Hunting sling     |       |       |     2 |       |    17 ||    19
Throw: Boomerang         |       |       |     1 |     1 |     1 ||     3
 Cast: Summon Small Mamm |       |     1 |     1 |       |       ||     2
Invok: Lesser Servant of |       |       |       |     8 |    27 ||    35
Evoke: Wand              |       |       |       |     5 |       ||     5
  Use: Scroll            |     3 |       |    10 |     7 |    16 ||    36
       Potion            |     2 |     2 |       |     1 |     8 ||    13
 Stab: Sleeping          |     8 |     6 |     3 |       |     3 ||    20
       Distracted        |       |       |       |       |     6 ||     6
Armor: Robe              |    16 |    18 |    11 |       |       ||    45
       Skin              |       |     5 |       |       |       ||     5
       Scale mail        |       |       |    73 |       |    58 ||   131
       Leather armour    |       |       |    61 |   113 |   164 ||   338
Dodge: Dodged            |    72 |    63 |   235 |   244 |   736 ||  1350
Block: Kite shield       |       |       |   130 |   198 |   868 ||  1196
       Reflection        |       |       |       |       |    20 ||    20

Table legend: (Time is in decaauts)
 A = Elapsed time spent in this place.
 B = Non-inter-level travel time spent in this place.
 C = Inter-level travel time spent in this place.
 D = Time resting spent in this place.
 E = Time spent auto-exploring this place.
 F = Levels seen in this place.
 G = Mean time per level.
                   A        B        C        D        E       F      G
               +--------+--------+--------+--------+--------+-----+--------+
         Total |  26609 |  24606 |   2003 |   5132 |  13138 |  23 | 1156.9 |
       Dungeon |  15396 |  13929 |   1467 |   2950 |   7726 |  12 | 1283.0 |
        Temple |    170 |    118 |     52 |      0 |     96 |   1 |  170.0 |
          Lair |   8019 |   7735 |    284 |   1451 |   4156 |   6 | 1336.5 |
         Swamp |     74 |     74 |      0 |      0 |     10 |   1 |   74.0 |
  Orcish Mines |   2700 |   2502 |    198 |    645 |   1142 |   2 | 1350.0 |
         Abyss |    247 |    247 |      0 |     86 |      7 |   1 |  247.0 |
               +--------+--------+--------+--------+--------+-----+--------+

Top non-repeatable levels by time:
     D:5: 2133 daAuts
    D:12: 1612 daAuts
  Lair:5: 1596 daAuts
     D:7: 1550 daAuts
  Lair:6: 1465 daAuts
   Orc:1: 1402 daAuts
     D:3: 1363 daAuts
  Lair:3: 1335 daAuts
    D:11: 1305 daAuts
  Lair:1: 1302 daAuts
   Orc:2: 1298 daAuts
     D:1: 1256 daAuts
     D:6: 1223 daAuts
  Lair:2: 1170 daAuts
     D:2: 1162 daAuts
